 Dungeon Crawl Stone Soup version 0.30-a0-613-gdd512c7efb (webtiles) character file.

Game seed: 1939921367089453618

93 DeadOnArrival the Trooper (level 4, 0/38 HPs)
             Began as a Demonspawn Wanderer on Jan 8, 2023.
             Slain by an orc
             ... wielding a +0 flail
              (5 damage)
             ... on level 3 of the Dungeon.
             The game lasted 00:03:14 (1944 turns).

DeadOnArrival the Trooper (Demonspawn Wanderer)     Turns: 1944, Time: 00:03:15

Health: 0/38       AC:  4    Str:  9    XL:     4   Next: 37%
Magic:  4/4        EV: 11    Int: 10    God:
Gold:   93         SH:  5    Dex: 21    Spells: 3/3 levels left

rFire   . . .      SeeInvis .    a - +2 falchion
rCold   . . .      Faith    .    (no shield)
rNeg    . . .      Spirit   .    e - +0 robe
rPois   .          Reflect  +    (helmet restricted)
rElec   .          Harm     .    (no cloak)
rCorr   .          Rampage  .    (no gloves)
Will    .....                    (no boots)
Stlth   ++                       o - amulet of reflection
HPRegen 0.26/turn                Z - ring of wizardry
MPRegen 0.09/turn                (no ring)

@: no status effects
A: antennae 1, molten scales 1
a: no special abilities


You were on level 3 of the Dungeon.
You visited 1 branch of the dungeon, and saw 3 of its levels.

You collected 93 gold pieces.


Innate Abilities, Weirdness & Mutations

You have a pair of small antennae on your head.
You are partially covered in molten scales. (AC +2)


   Skills:
 + Level 4.5 Fighting
 * Level 3.2 Long Blades
 - Level 1.0 Staves
 - Level 1.0 Throwing
 + Level 2.1 Stealth
 - Level 1.0 Evocations


You had 3 spell levels left.
You didn't know any spells.
Your spell library contained the following spells:

 Spells                   Type           Power      Damage    Failure   Level
 Slow                     Hex            0%         N/A       16%         1
 Cigotuvi's Dreadful Rot  Necr/Pois/Air  0%         N/A       22%         2
 Confusing Touch          Hex            0%         N/A       41%         3
 Vampiric Draining        Necr           0%         2d6       41%         3
 Dispel Undead            Necr           0%         3d6       80%         4
 Death Channel            Necr           0%         N/A       100%        6

Inventory:

Hand Weapons
 a - a +2 falchion (weapon)
Missiles
 f - 15 stones (quivered)
 i - 5 poisoned darts
 r - 5 boomerangs
Armour
 c - a +0 helmet
 e - a +0 robe (worn)
Jewellery
 o - an amulet of reflection (around neck)
   (You found it on level 2 of the Dungeon)
 O - a +4 ring of protection
   (You found it on level 2 of the Dungeon)
 Z - a ring of wizardry (left hand)
   (You found it on level 2 of the Dungeon)
Wands
 s - a wand of mindburst (24)
   (You found it on level 2 of the Dungeon)
Scrolls
 b - 2 scrolls of blinking {unknown}
 h - a scroll of poison {unknown}
 j - a scroll of enchant weapon {unknown}
 l - a scroll of noise {unknown}
 p - a scroll of fog {unknown}
 q - a scroll of vulnerability {unknown}
 t - a scroll of identify {unknown}
 u - a scroll of enchant armour {unknown}
Potions
 d - 3 potions of curing {@q1}
 g - a potion of heal wounds {unknown}
 k - a potion of flight {unknown}
 m - a potion of degeneration {unknown}
 n - a potion of attraction {unknown}

Dungeon Overview and Level Annotations

Branches:
Dungeon (3/15) Zot: 15977

Altars:

#######.....# .#.##
#........# #.. .
###..###..## ....#
####...## ##..#
###.#. #......# #.<#
#..... #####.## ##..
#...#.### ##.#
#####. #.o).####..#
#.....
#oo@.##.>.##....####
###o....#....#
#.........####
#[.....#### ########


You could see 4 orcs.


Message History

You hit the adder but do no damage. The adder bites you but does no damage.
An adder is nearby! 😕 HP[+1]
You barely miss the adder. The adder bites you.
You are poisoned.
The adder poisons you! You block the adder's attack. 😕 HP[-1]
You take 1 damage, and now have 35/38 hp.
You hit the adder.
You feel sick. The adder bites you but does no damage.
You block the adder's attack. 😕 HP[-2]
You take 2 damage, and now have 33/38 hp.
You hit the adder.
You feel sick. You block the adder's attack. 😕 HP[-1]
You take 1 damage, and now have 32/38 hp.
You barely miss the adder.
You feel sick. The adder barely misses you.
The adder closely misses you. 😕 HP[-1]
You take 1 damage, and now have 31/38 hp.
You slash the adder!
You kill the adder!
You feel sick. 😕 HP[-1]
You take 1 damage, and now have 30/38 hp.
You feel sick. 😕 HP[-1]
You take 1 damage, and now have 29/38 hp.
You feel sick.
You are no longer poisoned.
An orc comes into view. It is wielding a +0 war axe. 😕 HP[+2]
You regained 2 hp, and now have 31/38 hp.
An orc is nearby!
An orc is nearby!
An orc is nearby!
An orc is nearby! 😕 HP[+1] 😕 HP[+1]
The orc shouts!
You hit the orc. The orc hits you but does no damage.
You hit the orc.
You kill the orc!
No target in view!
No target in view!
You see here a +0 war axe.
Found a stone staircase leading down. 😎 HP[+5]
Your hp is fully restored (38).
Key pressed, stopping explore.
u - a scroll labelled MOUSOZORIA You pick up a book of Decay and begin reading...
You add the spells Cigotuvi's Dreadful Rot, Dispel Undead and Death Channel to your library.
No target in view!
No target in view!
Key pressed, stopping explore.
Key pressed, stopping explore.
Found an escape hatch in the floor.
No target in view!
There is an escape hatch in the floor here.
An orc priest and 2 orcs come into view.
An orc comes into view. It is wielding a +0 club.
The orc priest moves out of view.
There are monsters nearby!
There are monsters nearby!
An orc comes into view. It is wielding a +0 flail.
You closely miss the orc.
The orc shouts! x4
You block the orc's attack.
The orc priest shouts!
You barely miss the orc.
The orc hits you with a +0 whip. 😕 HP[-4]
You take 4 damage, and now have 34/38 hp.
You hit the orc but do no damage.
The orc hits you with a +0 whip. 😕 HP[-5]
You take 5 damage, and now have 29/38 hp.
You hit the orc priest. You block the orc's attack. 😕 HP[+1]
You slash the orc priest! You block the orc priest's attack.
The orc barely misses you.
You hit the orc priest. The orc priest hits you with a +0 mace.
The orc barely misses you. x2; You block the orc's attack.
The orc closely misses you.
The orc priest mumbles some strange prayers to Beogh against you.
Beogh smites you! 😮 HP[-10]
You take 10 damage, and now have 20/38 hp.
MASSIVE DAMAGE!! (PAUSE)
You closely miss the orc priest. The orc hits you but does no damage.
The orc priest mumbles some strange prayers to Beogh against you.
Pain shoots through your body!
* * * LOW HITPOINT WARNING * * *
The orc closely misses you. The orc hits you with a +0 club.
* * * LOW HITPOINT WARNING * * *
😱 HP[-15]
You take 15 damage, and now have 5/38 hp.
MASSIVE DAMAGE!! (PAUSE)
You slash the orc priest!
You kill the orc priest!
The orc hits you with a +0 flail.
You die...

Skill      XL: |  1  2  3 |
---------------+----------+-----
Long Blades    | 2 3 |  3.2
Stealth        | 2 |  2.1
Fighting       | |  4.5
Staves         | |  1.0
Throwing       | |  1.0
Evocations     | |  1.0

Action                   |  1- 3 |  4- 6 || total
-------------------------+-------+-------++-------
Melee: Falchion          |   100 |    37 ||   137
 Stab: Sleeping          |     7 |     4 ||    11
Armor: Robe              |    32 |     8 ||    40
Dodge: Dodged            |    63 |    15 ||    78
Block: Other             |     2 |    12 ||    14

Levels and vault maps discovered:
D:1:      dpeg_arrival_signposts, layout_loops_ring
D:2:      layout_loops_ring, chequers_serial_rivers_large_b, minmay_door_square
D:3:      layout_rooms, fedhas_altar_fruit_tree, hangedman_decor_push,
          minmay_snake_closets

Notes
Turn   | Place    | Note
-------+----------+-------------------------------------------
     0 | D:1      | DeadOnArrival the Demonspawn Wanderer began the quest for
                  | the Orb.
     0 | D:1      | DeadOnArrival set off with the following items: a +2
                  | falchion, a +0 quarterstaff, a +0 helmet, a potion of
                  | curing {@q1}, a +0 robe.
     0 | D:1      | Reached XP level 1. HP: 19/19 MP: 1/1
     0 | D:1      | magus.rc [v1.11.4]
   105 | D:1      | Reached skill level 2 in Long Blades
   212 | D:1      | Gained mutation: You are partially covered in molten
                  | scales. (AC +2) [demonic ancestry]
   212 | D:1      | Reached XP level 2. HP: 25/25 MP: 2/2
   562 | D:1      | You pick up a book of Debilitation and begin reading...
   562 | D:1      | You add the spells Slow, Vampiric Draining and Confusing
                  | Touch to your library.
   675 | D:1      | Gained mutation: You have a pair of small antennae on your
                  | head. [demonic ancestry]
   675 | D:1      | Reached XP level 3. HP: 30/30 MP: 3/3
  1084 | D:2      | Reached skill level 2 in Stealth
  1130 | D:2      | Reached skill level 3 in Long Blades
  1130 | D:2      | Reached XP level 4. HP: 26/38 MP: 4/4
  1875 | D:3      | You pick up a book of Decay and begin reading...
  1875 | D:3      | You add the spells Cigotuvi's Dreadful Rot, Dispel Undead
                  | and Death Channel to your library.
  1943 | D:3      | HP: 8/38 [orc priest/nerve-wracking pain (13)]
  1944 | D:3      | Slain by an orc

Vanquished Creatures
  An orc priest (D:3)
  3 gnolls
  2 adders
  A dart slug (D:1)
  An orc (D:3)
  2 ball pythons
  9 bats
  2 endoplasms (D:1)
  2 giant cockroaches (D:1)
  5 goblins
  4 hobgoblins
  2 jackals (D:1)
  A quokka (D:1)
  8 frilled lizards
  A kobold (D:1)
  4 rats
48 creatures vanquished.

Table legend:
 A = Non-vault XP
 B = Vault XP
 C = Vault XP percentage of total XP
 D = Non-vault monster count
 E = Vault monster count
 F = Vault count percentage of total count
                 A         B        C        D         E       F
            +---------+---------+-------+---------+---------+-------
      Total |     178 |       0 |   0.0 |      48 |       0 |   0.0
            +---------+---------+-------+---------+---------+-------
        D:1 |      58 |       0 |   0.0 |      27 |       0 |   0.0
        D:2 |      58 |       0 |   0.0 |      16 |       0 |   0.0
        D:3 |      62 |       0 |   0.0 |       5 |       0 |   0.0
            +---------+---------+-------+---------+---------+-------

Illustrated notes

Table legend:
 A = Kills in this place as a percentage of kills in entire the game.
 B = Kills by you in this place as a percentage of kills by you in the entire game.
 C = Kills by friends in this place as a percentage of kills by friends in the entire game.
 D = Other kills in this place as a percentage of other kills in the entire game.
 E = Experience gained in this place as a percentage of experience gained in the entire game.
 F = Experience gained in this place divided by the number of levels of this place that you have seen.
                   A       B       C       D       E      F
               +-------+-------+-------+-------+-------+----------------------
         Total | 100.0 | 100.0 |   N/A |   N/A | 100.0 |  59.3
       Dungeon | 100.0 | 100.0 |   N/A |   N/A | 100.0 |  59.3
               +-------+-------+-------+-------+-------+----------------------

Table legend: (Time is in decaauts)
 A = Elapsed time spent in this place.
 B = Non-inter-level travel time spent in this place.
 C = Inter-level travel time spent in this place.
 D = Time resting spent in this place.
 E = Time spent auto-exploring this place.
 F = Levels seen in this place.
 G = Mean time per level.
                   A        B        C        D        E       F      G
               +--------+--------+--------+--------+--------+-----+--------+
         Total |   2021 |   1914 |    107 |     45 |   1450 |   3 |  673.7 |
       Dungeon |   2021 |   1914 |    107 |     45 |   1450 |   3 |  673.7 |
               +--------+--------+--------+--------+--------+-----+--------+

Top non-repeatable levels by time:
     D:2: 945 daAuts
     D:1: 871 daAuts
     D:3: 204 daAuts
